 Dungeon Crawl Stone Soup version 0.21-a0-496-g696f58f (webtiles) character file.

4430 kae the Geomancer (level 10, -3/59 HPs)
             Began as a Gargoyle Earth Elementalist on Nov 23, 2017.
             Was a Follower of Vehumet.
             Slain by an orc warrior
             ... wielding a +0 halberd
              (11 damage)
             ... on level 8 of the Dungeon.
             The game lasted 00:09:05 (8836 turns).

kae the Geomancer (Gargoyle Earth Elementalist)     Turns: 8836, Time: 00:09:06

Health: -3/59      AC: 11    Str: 11    XL:     10   Next: 36%
Magic:  5/20       EV: 16    Int: 20    God:    Vehumet [*.....]
Gold:   98         SH:  0    Dex: 10    Spells: 19/23 levels left

rFire    + . .     SeeInvis .   E - +1 mace "Jellybane" {holy, rElec rF+}
rCold    . . .     Gourm    .   (no shield)
rNeg     + . .     Faith    .   c - +0 robe
rPois    ∞         Spirit   .   (no helmet)
rElec    +         Reflect  .   (no cloak)
rCorr    +         Harm     .   w - +1 pair of gloves
MR       .....                  (no boots)
Stlth    ++........             (no amulet)
HPRegen  0.19/turn              m - ring of resist corrosion
MPRegen  0.17/turn              j - +3 ring of evasion

@: no status effects
A: negative energy resistance 1, electricity resistance, unbreathing,
petrification resistance, rot immunity, AC +7
a: Renounce Religion


You were on level 8 of the Dungeon.
You worshipped Vehumet.
Vehumet was aware of your devotion.
You were not hungry.

You visited 2 branches of the dungeon, and saw 9 of its levels.
You also visited: Ossuary.

You collected 392 gold pieces.
You spent 294 gold pieces at shops.

Inventory:

Hand Weapons
 k - a +1 hand axe
 E - the +1 mace "Jellybane" (weapon) {holy, rElec rF+}
   (You bought it in a shop on level 7 of the Dungeon)

   It has been blessed by the Shining One to cause great damage to the undead
   and demons.
   It protects you from fire.
   It insulates you from electricity.
Missiles
 b - 87 stones (quivered)
Armour
 c - a +0 robe (worn)
 w - a +1 pair of gloves (worn)
Magical Staves
 n - an uncursed staff of fire
Jewellery
 j - a +3 ring of evasion (right hand)
 m - a ring of resist corrosion (left hand)
 o - an uncursed ring of protection from magic {unknown}
Wands
 h - a wand of polymorph (17)
 D - a wand of digging (21)
Scrolls
 g - 3 scrolls of amnesia
 q - 2 scrolls of blinking
 t - 2 scrolls of remove curse
 x - 2 scrolls of teleportation
 y - a scroll of identify
 C - a scroll of enchant armour
Potions
 a - a potion of magic
 f - 3 potions of curing
 l - 2 potions of haste
 p - a potion of might
 u - a potion of flight
 z - 3 potions of resistance
 A - a potion of berserk rage
 B - 2 potions of agility
Books
 e - a book of Geomancy

   Spells                             Type                      Level
   a - Sandblast                      Earth                        1
   b - Passwall                       Transmutation/Earth          2
   c - Stone Arrow                    Conjuration/Earth            3
   d - Petrify                        Transmutation/Earth          4
   e - Lee's Rapid Deconstruction     Earth                        5
 r - a book of Misfortune

   Spells                             Type                      Level
   a - Confusing Touch                Hexes                        1
   b - Confuse                        Hexes                        3
   c - Gell's Gravitas                Translocation                3
   d - Petrify                        Transmutation/Earth          4
   e - Metabolic Englaciation         Hexes/Ice                    5
   f - Yara's Violent Unravelling     Hexes/Transmutation          5
Comestibles
 d - 5 bread rations
 i - 3 meat rations
 s - a fruit
 F - 3 chunks of flesh


   Skills:
 + Level 5.3 Fighting
 + Level 4.5 Dodging
 - Level 2.1 Stealth
 * Level 7.2 Spellcasting
 * Level 7.8 Conjurations
   Level 0.7 Transmutations
 * Level 9.8 Earth Magic


You had 19 spell levels left.
You knew the following spells:

 Your Spells              Type           Power        Failure   Level  Hunger
a - Sandblast             Erth           #####.       1%          1    None
b - Stone Arrow           Conj/Erth      #####.       1%          3    #......


Dungeon Overview and Level Annotations

Branches:
Dungeon (8/15)             Temple (1/1) D:7
   Lair: D:8-11

Altars:
Ashenzari
Cheibriados
Dithmenos
Elyvilon
Fedhas
Gozag
Hepliaklqana
Kikubaaqudgha
Makhleb
Nemelex Xobeh
Okawaru
Qazlal
Ru
Sif Muna
Trog
Uskayaw
Vehumet
Xom
Yredelemnul
Zin
The Shining One

Shops:
D:6 !   D:7 (


Innate Abilities, Weirdness & Mutations

You are resistant to torment.
Your stone body is resilient. (AC +7)
You are immune to poison.
You resist negative energy. (rN+)
You are resistant to electric shocks. (rElec)
You can survive without breathing.
You are immune to petrification.
You are immune to rotting.


Message History

The orc priest invokes the aid of Beogh against you.
Beogh smites you!
An orc wizard comes into view. It is wielding a dagger.
Casting: Sandblast
Confirm with . or Enter, or press ? or * to list all spells.
Aiming: Sandblast
Press: ? - help, Shift-Dir - straight line, f/p - orc warrior
Aim: an orc warrior, wielding a halberd and wearing a plate armour (severely wounded)
The blast of sand misses the orc warrior.
b - 87 stones The orc wizard shouts!
The orc warrior completely misses you.
The orc priest mumbles some strange prayers to Beogh against you.
Beogh smites you!
* * * LOW HITPOINT WARNING * * *
You feel much better.
The orc warrior hits you from afar with a halberd!!
* * * LOW HITPOINT WARNING * * *
The orc warrior hits you from afar with a halberd!
You die...

..... ##)#
#### #.####
### #..).# ..
####.###.#
#†.#..# #
####o#.###..
###...oo.....#
#.........####
...#...@...#
.# #.......#
#########


You could see an orc warrior, an orc priest and an orc wizard.

Vanquished Creatures
  The ghost of hexaflexagon the Apologist, a novice OpMo of Zin (D:8)
  The ghost of Oozefury the Chopper, a novice DDMo of Makhleb (D:7)
  A hornet (D:7)
  Grinder (D:4)
  Eustachio (D:4)
  Duvessa (D:7)
  2 phantoms
  A hornet zombie (D:5)
  A sky beast (D:7)
  5 ogres
  2 centaurs (D:5)
  An elf zombie (Ossuary)
  A big kobold (D:7)
  Blork the orc (D:4)
  2 bullfrogs
  Dowan (D:7)
  A water moccasin skeleton (D:7)
  A scorpion (D:5)
  5 wights (D:7)
  A howler monkey (D:4)
  5 crimson imps
  2 centaur zombies
  2 quasits (D:5)
  2 human zombies (Ossuary)
  An orc priest (D:6)
  A jelly (D:5)
  2 centaur skeletons
  An iguana (D:2)
  4 orc wizards
  10 worker ants
  2 hound zombies
  2 mummies (Ossuary)
  A howler monkey skeleton (D:4)
  8 adders
  A shadow imp (D:8)
  An ooze (D:4)
  2 adder skeletons
  4 adder zombies
  3 worms
  2 dart slugs
  2 leopard geckos
  24 orcs
  5 ball pythons
  7 giant cockroaches
  3 goblins
  10 hobgoblins
  2 jackals
  7 quokkas
  2 ball python skeletons
  10 bats
  5 frilled lizards
  2 goblin zombies (Ossuary)
  9 hobgoblin zombies (Ossuary)
  A jackal skeleton (D:4)
  10 kobolds
  13 kobold zombies (Ossuary)
  2 leopard gecko skeletons
  A leopard gecko zombie (D:7)
  4 orc zombies (Ossuary)
  3 rats
  A rat zombie (Ossuary)
210 creatures vanquished.

Vanquished Creatures (others)
  A plant (D:8)
1 creature vanquished.

Grand Total: 211 creatures vanquished

Notes
Turn   | Place    | Note
-------+----------+-------------------------------------------
     0 | D:1      | kae the Gargoyle Earth Elementalist began the quest for the Orb.
     0 | D:1      | Reached XP level 1. HP: 10/10 MP: 3/3
   204 | D:1      | Reached skill level 4 in Earth Magic
   204 | D:1      | Reached XP level 2. HP: 12/15 MP: 1/5
  1074 | D:2      | Reached XP level 3. HP: 17/19 MP: 7/7
  1079 | D:2      | Learned a level 3 spell: Stone Arrow
  1122 | D:2      | You fall through a shaft!
  1415 | D:2      | Reached XP level 4. HP: 17/24 MP: 5/8
  1565 | D:2      | Reached skill level 1 in Conjurations
  2099 | D:3      | Reached XP level 5. HP: 28/28 MP: 6/9
  2281 | D:3      | Reached skill level 1 in Fighting
  2433 | D:4      | Reached skill level 5 in Earth Magic
  2678 | D:4      | Noticed Grinder
  2682 | D:4      | Paralysed by Grinder for 6 turns
  2698 | D:4      | Killed Grinder
  2698 | D:4      | Reached XP level 6. HP: 24/35 MP: 11/11
  3121 | D:4      | Reached XP level 7. HP: 39/40 MP: 13/13
  3216 | D:4      | Noticed Eustachio
  3599 | D:4      | Noticed Blork the orc
  3605 | D:4      | Killed Blork the orc
  3605 | D:4      | Reached skill level 6 in Earth Magic
  3979 | D:4      | Killed Eustachio
  4110 | D:5      | Entered Level 5 of the Dungeon
  4208 | D:5      | Reached XP level 8. HP: 42/45 MP: 7/14
  4325 | D:5      | Reached skill level 7 in Earth Magic
  4334 | D:5      | Reached skill level 5 in Spellcasting
  4696 | D:5      | Reached skill level 5 in Conjurations
  5616 | D:6      | Found Zient's Distillery.
  5637 | D:6      | Bought a potion of degeneration for 13 gold pieces
  5637 | D:6      | Bought a potion of heal wounds for 65 gold pieces
  5694 | D:6      | Found a sand-covered staircase.
  5719 | D:6      | Reached XP level 9. HP: 39/52 MP: 12/17
  5811 | Ossuary  | Entered an ossuary
  6124 | Ossuary  | Reached skill level 8 in Earth Magic
  7164 | D:7      | Noticed a hornet
  7173 | D:7      | Killed a hornet
  7422 | D:7      | Noticed Duvessa
  7424 | D:7      | Noticed Dowan
  7445 | D:7      | Killed Duvessa
  7453 | D:7      | Killed Dowan
  7660 | D:7      | Found Xaqiud's Antique Weapon Boutique.
  7668 | D:7      | Bought a dazzling mace for 216 gold pieces
  7668 | D:7      | Identified the +1 mace "Jellybane" {holy, rElec rF+} (You bought it in a shop on level 7 of the Dungeon)
  7831 | D:7      | Found a staircase to the Ecumenical Temple.
  7881 | Temple   | Entered the Ecumenical Temple
  8046 | Temple   | Became a worshipper of Vehumet
  8094 | D:7      | Noticed Oozefury's ghost (novice DDMo)
  8104 | D:7      | Killed Oozefury's ghost
  8104 | D:7      | Reached skill level 9 in Earth Magic
  8104 | D:7      | Reached XP level 10. HP: 32/58 MP: 10/20
  8417 | D:7      | Reached skill level 5 in Fighting
  8661 | D:8      | Reached * piety under Vehumet
  8661 | D:8      | Offered knowledge of Freeze by Vehumet.
  8822 | D:8      | Noticed hexaflexagon's ghost (novice OpMo)
  8829 | D:8      | Killed hexaflexagon's ghost
  8836 | D:8      | Slain by an orc warrior

Vault maps used:
D:1:      dpeg_arrival_oval
D:3:      first_bread
D:4:      uniq_grinder, uniq_blork_the_orc, uniq_eustachio
D:5:      cheibrodos_fzero, minmay_misc_feat_nine_boxes,
          kennysheep_generic_room_9
D:6:      serial_shops, nicolae_shop_trees, enter_ossuary_1
D:7:      minmay_temple_entry_enclosed_plants, serial_shops, shop_fountains,
          uniq_duvessa
D:8:      kennysheep_mini, blue_anna_alchemist, uniq_pikel
Temple:   grunt_wide_crystal_templ
Ossuary:  ossuary_tomb_1

Skill      XL: |  1  2  3  4  5  6  7  8  9 10 |
---------------+-------------------------------+-----
Earth Magic    | 4 5 6 7 9 |  9.8
Spellcasting   | 3 4 5 6 7 |  7.2
Conjurations   | 1 3 4 5 7 |  7.8
Fighting       | 2 3 4 5 |  5.3
Dodging        | 2 3 4 |  4.5
Stealth        | |  2.1
Transmutations | |  0.7

Action                   |  1- 3 |  4- 6 |  7- 9 | 10-12 || total
-------------------------+-------+-------+-------+-------++-------
Melee: Unarmed           |    45 |     7 |       |       ||    52
       Club              |    14 |       |       |       ||    14
       Hand axe          |    38 |   110 |   285 |       ||   433
       Mace              |       |       |     4 |    60 ||    64
 Cast: Sandblast         |    26 |    21 |   131 |    32 ||   210
       Stone Arrow       |       |     2 |    25 |    10 ||    37
  Use: Scroll            |       |     7 |     9 |     1 ||    17
       Potion            |       |       |       |     1 ||     1
 Stab: Sleeping          |     1 |     1 |     1 |       ||     3
  Eat: Chunk             |     2 |     6 |    13 |     4 ||    25
       Royal jelly       |       |       |     1 |       ||     1
       Fruit             |       |       |       |     1 ||     1
Armor: Robe              |    53 |    45 |   159 |    22 ||   279
Dodge: Dodged            |    92 |   102 |   376 |    71 ||   641

Table legend:
 A = Spawn XP
 B = Non-spawn XP
 C = Spawn XP percentage of total XP
 D = Spawn monster count
 E = Non-spawn monster count
 F = Spawn count percentage of total count
 G = Total turns spent on level
                    A         B        C        D         E        F      G
               +---------+---------+-------+---------+---------+-------+---------
         Total |       0 |    6329 |   0.0 |       0 |     210 |   0.0 |  8836
               +---------+---------+-------+---------+---------+-------+---------
           D:1 |       0 |      31 |   0.0 |       0 |      18 |   0.0 |  1065
           D:2 |       0 |     115 |   0.0 |       0 |      26 |   0.0 |   842
           D:3 |       0 |      35 |   0.0 |       0 |      16 |   0.0 |   451
           D:4 |       0 |     898 |   0.0 |       0 |      26 |   0.0 |  1752
           D:5 |       0 |    1077 |   0.0 |       0 |      22 |   0.0 |  1497
           D:6 |       0 |     375 |   0.0 |       0 |      10 |   0.0 |   884
           D:7 |       0 |    2230 |   0.0 |       0 |      42 |   0.0 |  1398
           D:8 |       0 |    1259 |   0.0 |       0 |      12 |   0.0 |   208
       Ossuary |       0 |     309 |   0.0 |       0 |      38 |   0.0 |   556
               +---------+---------+-------+---------+---------+-------+---------
